 Dungeon Crawl Stone Soup version 0.29-a0-234-g0dae59b3db (webtiles) character file.

Game seed: 11214522767865949199

18 Hubjo the Sneak (level 2, 0/20 HPs)
             Began as a Vampire Enchanter on Mar 2, 2022.
             Was a Follower of Jiyva.
             Killed by nerve-wracking pain
             ... invoked by Grinder
              (12 damage)
             ... while paralysed by Grinder
             ... on level 3 of the Dungeon.
             The game lasted 00:01:50 (767 turns).

Hubjo the Sneak (Vampire Enchanter)                  Turns: 767, Time: 00:01:50

Health: 0/20       AC:  2    Str:  7    XL:     2   Next: 51%
Magic:  5/5        EV:  2    Int: 17    God:    Jiyva [*.....]
Gold:   145        SH:  0    Dex: 14    Spells: 5/5 levels left

rFire   . . .      SeeInvis +   a - +1 dagger
rCold   . . .      Faith    .   (no shield)
rNeg    . . .      Spirit   .   b - +0 robe
rPois   .          Reflect  .   (no helmet)
rElec   .          Harm     .   (no cloak)
rCorr   .          Rampage  .   (no gloves)
Will    .....                   (no boots)
Stlth   +++.......              (no amulet)
HPRegen 1.06/turn               (no ring)
MPRegen 0.34/turn               (no ring)

@: paralysed, healing quickly
A: alive, fangs 3, see invisible, vampiric 1
a: Exsanguinate, Renounce Religion


You were on level 3 of the Dungeon.
You worshipped Jiyva.
Jiyva was aware of your devotion.
You visited 1 branch of the dungeon, and saw 3 of its levels.

You collected 145 gold pieces.

Inventory:

Hand Weapons
 a - a +1 dagger (weapon)
 f - a +1 flail of protection
Armour
 b - a +0 robe (worn)
Scrolls
 d - 2 scrolls of vulnerability
 e - a scroll of immolation
 g - 2 scrolls of identify
 h - a scroll of fear {unknown}
Potions
 c - a potion of invisibility
 i - a potion of lignification {unknown}
 j - a potion of might {unknown}


   Skills:
 * Level 0.9 Fighting
 + Level 1.3 Short Blades
 + Level 2.3 Dodging
 * Level 4.8 Stealth
 - Level 2.0 Spellcasting
 + Level 4.7 Hexes


You had 5 spell levels left.
You didn't know any spells.
Your spell library contained the following spells:

 Spells                   Type           Power      Damage    Failure   Level
 Confusing Touch          Hex            17%        N/A       9%          3
 Tukima's Dance           Hex            17%        N/A       9%          3
 Ensorcelled Hibernation  Hex/Ice        18%        N/A       11%         2
 Sandblast                Erth           2%         2d4       19%         1
 Dazzling Flash           Conj/Hex       18%        N/A       22%         3
 Blink                    Tloc           2%         N/A       28%         2
 Passwall                 Tmut/Erth      0%         N/A       28%         2
 Lesser Beckoning         Tloc           1%         N/A       50%         3
 Stone Arrow              Conj/Erth      2%         3d7       50%         3
 Manifold Assault         Tloc           1%         N/A       99%         5


Dungeon Overview and Level Annotations

Branches:
Dungeon (3/15)

Altars:
Jiyva

Annotations:
D:3 Grinder


Innate Abilities, Weirdness & Mutations

Your natural rate of healing is accelerated.
You have razor-sharp teeth.
You have supernaturally acute eyesight. (SInv)
You are afflicted with vampirism.


Message History

No target in view!
No target in view!
No target in view!
No target in view!
No target in view!
No target in view!
No target in view!
You see here a +3 dagger.
Found an escape hatch in the ceiling.
There is an escape hatch in the ceiling here.
You hear a distant slurping noise.
You hear a squelching noise.
Found 19 stones.
You see here 19 stones.
Found a stone staircase leading down.
Grinder comes into view.
Grinder is nearby!
Grinder is nearby!
There is a stone staircase leading down here.
The helpless Grinder fails to defend herself.
You impale Grinder!! Your bite misses Grinder.
Grinder is heavily wounded.
Grinder hits you!
You writhe in agony.
* * * LOW HITPOINT WARNING * * *
You are too injured to fight recklessly!
As you read the scroll labelled URCHEKL HYEJUH, it crumbles to dust.
It is a scroll of identify.
d - 2 scrolls of vulnerability Grinder closely misses you.
As you read the scroll labelled RUANOM JIONKO, it crumbles to dust.
The creatures around you are filled with an inner flame!
It was a scroll of immolation.
Grinder barely misses you. Grinder gestures at you.
You suddenly lose the ability to move!
Grinder blinks!
Grinder gestures at you.
You shrug off the repeated paralysis!
Grinder gestures at you. Pain shoots through your body!
Ouch! That really hurt!
You die...

#.# #.....#
######.###.#
#..(...#
#.####
#.######
#....# #.#
####.# #.#
#.# #.# #>#
#.# #5# #.#
#@# #.# #.#
#.# #.# #.#
#.# ####.#
#.# .....#
#.# ######
#.# #.# #.#


You could see Grinder (inner flame).

Vanquished Creatures
  An endoplasm (D:2)
  3 giant cockroaches
  3 goblins
  A hobgoblin (D:2)
  2 ball pythons
  3 bats
  2 kobolds (D:2)
  3 rats
18 creatures vanquished.

Vanquished Creatures (others)
  A worm (D:3)
  A goblin (D:3)
  6 plants (D:2)
  A withered plant (D:2)
9 creatures vanquished.

Grand Total: 27 creatures vanquished

Notes
Turn   | Place    | Note
-------+----------+-------------------------------------------
     0 | D:1      | Hubjo the Vampire Enchanter began the quest for the Orb.
     0 | D:1      | Reached XP level 1. HP: 13/13 MP: 3/3
   131 | D:2      | Reached XP level 2. HP: 18/20 MP: 5/5
   248 | D:2      | Found a faded altar of an unknown god.
   430 | D:2      | Prayed at the altar of an unknown god.
   430 | D:2      | Became a worshipper of Jiyva Judeh the Shapeless
   430 | D:2      | Reached * piety under Jiyva
   753 | D:3      | Noticed Grinder
   764 | D:3      | Paralysed by Grinder for 4 turns
   767 | D:3      | Killed from afar by Grinder

Illustrated notes

Levels and vault maps discovered:
D:1:      ebering_trefoil_twist, layout_basic, serial_bayou_lagoon_a
D:2:      layout_basic, shapermc_ecumenical_altar_flowoftime
D:3:      layout_loops_ring, minivault_26, uniq_grinder

Action                   || total
-------------------------++-------
Melee: Dagger            ||    81
       Bite              ||    15
  Use: Scroll            ||     2
 Stab: Sleeping          ||     5
       Distracted        ||     1
Armor: Robe              ||     6
Dodge: Dodged            ||    18

Table legend: (Time is in decaauts)
 A = Elapsed time spent in this place.
 B = Non-inter-level travel time spent in this place.
 C = Inter-level travel time spent in this place.
 D = Time resting spent in this place.
 E = Time spent auto-exploring this place.
 F = Levels seen in this place.
 G = Mean time per level.
                   A        B        C        D        E       F      G
               +--------+--------+--------+--------+--------+-----+--------+
         Total |    761 |    717 |     44 |      0 |    507 |   3 |  253.7 |
       Dungeon |    761 |    717 |     44 |      0 |    507 |   3 |  253.7 |
               +--------+--------+--------+--------+--------+-----+--------+

Top non-repeatable levels by time:
     D:2: 430 daAuts
     D:3: 309 daAuts
     D:1: 22 daAuts
